 Dungeon Sprint DCSS version 0.31-a0-18-gea43df2a32 (webtiles) character file.

Game seed: 3779134752568775983

6699 sircluck the Brawler (level 10, 0/115 HPs)
             Began as a Troll Berserker on May 10, 2023.
             Was a High Priest of Trog.
             Killed from afar by a hell hog (57 damage)
             ... with a fireball
             ... in the Dungeon (Sprint II: "The Violet Keep of Menkaure").
             The game lasted 00:04:07 (632 turns).

sircluck the Brawler (Troll Berserker)               Turns: 632, Time: 00:04:09

Health: 0/115      AC:  4    Str: 35    XL:     10   Next: 74%
Magic:  9/9        EV: 13    Int:  3    God:    Trog [*****.]
Gold:   303        SH:  0    Dex:  9    Spells: 9/9 levels left

rFire   . . .        j - +4 giant club (flame)
rCold   + . .        (shield currently unavailable)
rNeg    . . .        a - +0 animal skin
rPois   .            i - +0 hat "Ohudeg" {Harm rC+ Str+4}
rElec   .            (no cloak)
rCorr   .            (gloves unavailable)
SInv    .            (boots unavailable)
Will    .....        (no amulet)
Stlth   +            (no ring)
HPRegen 1.19/turn    (no ring)
MPRegen 0.11/turn

%: no teleportation, harm (+30% outgoing, +20% incoming)
@: no status effects
A: large, unfitting armour, claws 3, regeneration 1, shaggy fur 1, tough skin 1
a: Renounce Religion, Berserk, Trog's Hand, Brothers in Arms


You were in the Dungeon.
You worshipped Trog.
Trog was extremely pleased with you.
You visited 1 branch You collected 1229 gold pieces.
You spent 926 gold pieces at shops.

Inventory:

Hand Weapons
 j - a +4 giant club of flaming (weapon)
Armour
 a - a +0 animal skin (worn)
 i - the +0 hat "Ohudeg" (worn) {Harm rC+ Str+4}
   (You bought it in a shop in the Dungeon)

   Str:       It affects your strength (+4).
   rC:        It protects you from cold.
   Harm:      It increases damage dealt and taken.
Scrolls
 g - 2 scrolls of blinking
 h - a scroll of acquirement
Potions
 b - a potion of curing
 c - a potion of heal wounds
 d - a potion of haste
 e - 2 potions of magic
 f - a potion of berserk rage


   Skills:
 + Level 11.9 Fighting
 + Level 11.3 Dodging
 + Level 18.1 Unarmed Combat


You had 9 spell levels left.
You didn't know any spells.
Your spell library was empty.

Dungeon Overview and Level Annotations

Branches:
Dungeon (1/1)

Altars:
Hepliaklqana
Qazlal
Ru
Sif Muna
Wu Jian
Xom
Jiyva

Shops:
D :[![=[?![:(??[=

Annotations:
D exclusions: oklob plant and orange crystal statue


Innate Abilities, Weirdness & Mutations

You are too large for most types of armour.
You have claws for hands.
Your natural rate of healing is unusually fast.
You are covered in fur. (AC +1)
You have tough skin. (AC +1)


Message History

You kill the wyvern!
Trog accepts your kill. The wyvern bites you!
Your Unarmed Combat skill increases to level 18!
The wyvern closely misses you. The wyvern barely misses you.
There is an open door, spattered with blood here.
Things that are here:
a wyvern corpse; a wyvern corpse The wyvern barely misses you.
You see here a +4 giant club of flaming.
You barely miss the wyvern. Your claw misses the wyvern. The wyvern bites you!
The wyvern misses you.
You closely miss the wyvern. Your claw misses the wyvern.
You eviscerate the wyvern!!!
You kill the wyvern!
Trog accepts your kill.
You see here a wyvern corpse.
You see here a +4 giant club of flaming.
j - a +4 giant club of flaming Your +4 giant club of flaming bursts into flame!
j - a +4 giant club of flaming (weapon)
Unknown command.
There is an open door, spattered with blood here.
Things that are here:
a wyvern corpse; a wyvern corpse You now have 303 gold pieces (gained 81).
You open the door.
An iron elemental, 3 yaks and 2 hell hogs come into view.
The yak bellows!
The hell hog squeals angrily.
The yak bellows!
Found four items.
You closely miss the hell hog. The hell hog bites you!!
The hell hog closely misses you.
You sock the hell hog!
The hell hog is moderately wounded.
The hell hog breathes fire at you.
The fireball explodes!
The fireball engulfs you!!
The fireball engulfs the hell hog.
The hell hog completely resists.
The hell hog breathes fire at you.
The fireball explodes!
The fireball engulfs you!!!
You die...

** *##########***********
*,
*)?E$Yhh@.#∩∩∩,∩+,+,,***,
*.$..YY#..#******,****,,,
*+####*#†##,,####+####,,,
*∩∩∩∩∩∩#.†+,##≈≈§≈§≈≈##⌠,
*∩∩∩∩∩∩#..###≈≈§≈≈≈≈≈§##,
*****####..+≈≈§§≈8≈§§§≈#*
*,,,*#...####≈§≈≈§§§§≈**~
*,,,,#....))##~≈≈§≈§~**,~
############)~#+++#+++##**


You could see an iron elemental, 2 hell hogs and 3 yaks.

Vanquished Creatures
  A great orb of eyes (D)
  2 boulder beetles (D)
  A skeletal warrior (D)
  An elephant (D)
  A kobold demonologist (D)
  A blink frog (D)
  3 wyverns (D)
  4 neqoxecs (D)
  Menkaure (D)
  A water moccasin (D)
  4 necrophages (D)
  3 worms (D)
23 creatures vanquished.

Vanquished Creatures (collateral kills)
  Kirke (D)
  A yaktaur captain (D)
  A centaur warrior (D)
3 creatures vanquished.

Grand Total: 26 creatures vanquished

Notes
Turn   | Place    | Note
-------+----------+-------------------------------------------
     0 | D        | sircluck the Troll Berserker began the quest for the Orb.
     0 | D        | Reached XP level 1. HP: 22/22 MP: 0/0
    17 | D        | Reached ** piety under Trog
    18 | D        | Reached XP level 2. HP: 15/31 MP: 1/1
    34 | D        | Noticed a necrophage
    34 | D        | Noticed a necrophage
    34 | D        | Noticed a necrophage
    34 | D        | Noticed a necrophage
    41 | D        | Killed a necrophage
    42 | D        | Reached skill level 5 in Unarmed Combat
    42 | D        | Reached XP level 3. HP: 40/40 MP: 2/2
    42 | D        | Reached XP level 4. HP: 49/49 MP: 3/3
    45 | D        | Killed a necrophage
    46 | D        | Reached skill level 5 in Fighting
    46 | D        | Reached skill level 5 in Dodging
    46 | D        | Reached skill level 6 in Unarmed Combat
    52 | D        | Killed a necrophage
    52 | D        | Reached *** piety under Trog
    53 | D        | Reached skill level 7 in Unarmed Combat
    53 | D        | Reached XP level 5. HP: 41/59 MP: 4/4
    55 | D        | Reached skill level 8 in Unarmed Combat
    98 | D        | Noticed a boulder beetle
    98 | D        | Noticed a boulder beetle
   108 | D        | Killed a boulder beetle
   109 | D        | Reached skill level 11 in Unarmed Combat
   109 | D        | Reached XP level 6. HP: 74/74 MP: 5/5
   109 | D        | Reached XP level 7. HP: 81/81 MP: 6/6
   147 | D        | Noticed a neqoxec
   147 | D        | Noticed a neqoxec
   149 | D        | Noticed a neqoxec
   151 | D        | Killed a neqoxec
   152 | D        | Killed a neqoxec
   152 | D        | Reached **** piety under Trog
   153 | D        | Reached XP level 8. HP: 89/89 MP: 7/7
   156 | D        | Reached skill level 12 in Unarmed Combat
   318 | D        | Killed a boulder beetle
   319 | D        | Reached skill level 13 in Unarmed Combat
   361 | D        | Reached XP level 9. HP: 100/101 MP: 8/8
   364 | D        | Found Wuihoebi's Jewellery Shop.
   366 | D        | Found Yffiof's Antique Armour Boutique.
   368 | D        | Found Jessettuoc's Magic Scroll Boutique.
   368 | D        | Found Kiqooh's Antique Weapon Shop.
   370 | D        | Found Ystapis's Armour Shop.
   370 | D        | Found Kaotoa Peck's Distillery.
   371 | D        | Found Zenuocyo's Jewellery Shop.
   372 | D        | Found Ginke's Magic Scroll Shop.
   384 | D        | Reached ***** piety under Trog
   390 | D        | Found Lebimpes's Distillery.
   390 | D        | Found Odacos's Antique Armour Boutique.
   401 | D        | Found Jerux's Book Shop.
   401 | D        | Found Vaedulid's Antique Armour Boutique.
   402 | D        | Found Jawur's Magic Scroll Shop.
   402 | D        | Found Liumush's Antique Armour Boutique.
   404 | D        | Noticed Menkaure
   410 | D        | Killed Menkaure
   411 | D        | Reached skill level 10 in Fighting
   411 | D        | Reached skill level 14 in Unarmed Combat
   419 | D        | Noticed an orange crystal statue
   436 | D        | Found a stormy altar of Qazlal.
   436 | D        | Found an ornate altar of the Wu Jian Council.
   437 | D        | Found a hazy altar of Hepliaklqana.
   437 | D        | Found a sacrificial altar of Ru.
   438 | D        | Found a viscous altar of Jiyva.
   438 | D        | Found a shimmering blue altar of Sif Muna.
   439 | D        | Found a shimmering altar of Xom.
   465 | D        | Noticed an oklob plant
   466 | D        | Found Lamp's Book Shoppe.
   467 | D        | Noticed a manticore
   467 | D        | Noticed a manticore
   468 | D        | Noticed a manticore
   483 | D        | Bought a scroll of acquirement for 520 gold pieces
   485 | D        | Bought the +0 hat "Ohudeg" {Harm rC+ Str+4} for 316 gold
                  | pieces
   507 | D        | Bought a scroll of magic mapping for 90 gold pieces
   536 | D        | Noticed an elephant
   536 | D        | Noticed a centaur warrior
   536 | D        | Noticed Kirke
   536 | D        | Noticed a yaktaur captain
   536 | D        | Noticed a kobold demonologist
   536 | D        | Noticed a skeletal warrior
   538 | D        | Noticed a hellwing
   543 | D        | Killed a skeletal warrior
   544 | D        | Noticed a lindwurm
   545 | D        | Killed Kirke
   546 | D        | Reached skill level 10 in Dodging
   546 | D        | Reached skill level 15 in Unarmed Combat
   548 | D        | Noticed a great orb of eyes
   551 | D        | Killed a yaktaur captain
   551 | D        | Received a gift from Trog
   552 | D        | Reached skill level 16 in Unarmed Combat
   552 | D        | Reached XP level 10. HP: 96/114 MP: 9/9
   556 | D        | Killed a centaur warrior
   557 | D        | Reached skill level 17 in Unarmed Combat
   558 | D        | Killed an elephant
   562 | D        | Killed a great orb of eyes
   610 | D        | Received a gift from Trog
   615 | D        | Reached skill level 18 in Unarmed Combat
   630 | D        | Noticed a hell hog
   630 | D        | Noticed an iron elemental
   630 | D        | Noticed a hell hog
   632 | D        | Killed from afar by a hell hog

Illustrated notes

Levels and vault maps discovered:
D:        the_violet_keep_of_menkaure [sprint2_stairs_cluster_1,
          sprint2_shoproom, sprint2_temple, sprint2_basic_supplies,
          sprint2_obstacle_7, sprint2_obstacle_2, sprint2_obstacle_4,
          sprint2_obstacle_1, sprint2_obstacle_3, sprint2_timed_cluster_1,
          sprint2_smallroom_cluster_1, sprint2_smallroom_final_cluster_1,
          sprint2_transparent_cluster_1, sprint2_second_timed_cluster_1,
          sprint2_sniper_area_1, sprint2_heavy_combat_area_1,
          sprint2_mutation_trap_area_1, sprint2_forest_area_1,
          sprint2_light_combat_area_1, sprint2_behind_water_1,
          sprint2_near_end_vault_1]

Skill      XL: |  1  2  3  4  5  6  7  8  9 10 |
---------------+-------------------------------+-----
Fighting       | 3 4 5 8 9 11 | 11.9
Dodging        | 3 4 5 8 9 10 11 | 11.3
Unarmed Combat | 5 7 11 13 16 18 | 18.1

Action                     |  1- 3 |  4- 6 |  7- 9 | 10-12 || total
---------------------------+-------+-------+-------+-------++-------
  Melee: Unarmed           |    13 |    20 |    37 |    17 ||    87
         Punch             |       |     3 |       |     2 ||     5
         Giant club        |       |       |       |     2 ||     2
 Invoke: Berserk           |     1 |     1 |     2 |       ||     4
         Brothers in Arms  |       |       |     1 |       ||     1
    Use: Scroll            |       |       |     1 |       ||     1
 Armour: Animal skin       |       |     1 |     1 |       ||     2
  Dodge: Dodged            |     2 |     5 |    14 |    12 ||    33

Table legend: (Time is in decaauts)
 A = Elapsed time spent in this place.
 B = Non-inter-level travel time spent in this place.
 C = Inter-level travel time spent in this place.
 D = Time resting spent in this place.
 E = Time spent auto-exploring this place.
 F = Levels seen in this place.
 G = Mean time per level.
                   A        B        C        D        E       F      G
               +--------+--------+--------+--------+--------+-----+--------+
         Total |    652 |    598 |     54 |    287 |     47 |   1 |  652.0 |
       Dungeon |    652 |    598 |     54 |    287 |     47 |   1 |  652.0 |
               +--------+--------+--------+--------+--------+-----+--------+

Top non-repeatable levels by time:
       D: 652 daAuts
